 Dungeon Crawl Stone Soup version 0.27-a0-1149-g4505690ab0 (webtiles) character file.

Game seed: 6605167912653348015

945 HoaS the Grappler (level 7, -2/53 HPs)
             Began as a Demigod Gladiator on May 13, 2021.
             Slain by an unseen horror (6 damage)
             ... on level 6 of the Dungeon.
             The game lasted 00:10:04 (7637 turns).

HoaS the Grappler (Demigod Gladiator)               Turns: 7637, Time: 00:10:04

Health: -2/53      AC:  6    Str: 23    XL:     7   Next: 58%
Magic:  9/9        EV: 12    Int: 10    God:
Gold:   313        SH:  0    Dex: 15    Spells: 6/6 levels left

rFire    . . .     SeeInvis .     - Unarmed
rCold    . . .     Faith    .   (no shield)
rNeg     . . .     Spirit   .   h - +0 ring mail
rPois    .         Reflect  .   b - +0 helmet
rElec    .         Harm     .   (no cloak)
rCorr    .         Rampage  .   (no gloves)
Will     .....                  (no boots)
Stlth    +.........             (no amulet)
HPRegen  0.17/turn              (no ring)
MPRegen  0.11/turn              (no ring)

@: no status effects
A: high mp 1, forlorn
a: no special abilities


You were on level 6 of the Dungeon.
You visited 2 branches of the dungeon, and saw 7 of its levels.

You collected 313 gold pieces.

Inventory:

Missiles
 c - 3 throwing nets (quivered)
 k - a curare-tipped dart
Armour
 b - a +0 helmet (worn)
 h - a +0 ring mail (worn)
Wands
 f - a wand of digging (6)
Scrolls
 a - a scroll of fear
Potions
 d - 2 potions of lignification
 e - 4 potions of berserk rage
 g - a potion of curing
 i - a potion of attraction {unknown}
 l - a potion of mutation
 m - a potion of heal wounds {unknown}


   Skills:
 - Level 1.7 Fighting
 - Level 1.7 Throwing
 - Level 2.6 Dodging
 + Level 8.8 Unarmed Combat


You had 6 spell levels left.
You didn't know any spells.
Your spell library contained the following spells:

 Spells                   Type           Power      Damage    Failure   Level
 Magic Dart               Conj           0%         1d3       52%         1
 Searing Ray              Conj           0%         3d3       67%         2
 Confusing Touch          Hex            0%         N/A       88%         3
 Dazzling Flash           Conj/Hex       0%         N/A       88%         3
 Gell's Gravitas          Tloc           0%         N/A       88%         3
 Fulminant Prism          Conj/Hex       0%         3d6       99%         4
 Iskenderun's Mystic Bla  Conj/Tloc      0%         2d3       99%         4
 Petrify                  Tmut/Erth      0%         N/A       99%         4
 Metabolic Englaciation   Hex/Ice        0%         N/A       100%        5
 Yara's Violent Unravell  Hex/Tmut       0%         3d3       100%        5


Dungeon Overview and Level Annotations

Branches:
Dungeon (6/15)             Temple (1/1) D:4

Shops:
D:1 :


Innate Abilities, Weirdness & Mutations

Your attributes grow dramatically as you level up.
You have an increased reservoir of magic. (+10% MP)
You shall have no god before yourself.


Message History

You hit the orc but do no damage. The orc hits you but does no damage.
You hit the orc.
The orc is heavily wounded.
The orc completely misses you.
You punch the orc!
You kill the orc!
You punch the centaur skeleton!
The centaur skeleton is heavily damaged.
The centaur skeleton barely misses you.
The centaur skeleton closely misses you.
You punch the centaur skeleton!
You destroy the centaur skeleton!
You swing at nothing.
You swing at nothing.
You swing at nothing.
You swing at nothing.
You swing at nothing.
You swing at nothing.
You swing at nothing.
You swing at nothing.
You swing at nothing.
You swing at nothing.
Something hits you.
Deactivating autopickup; reactivate with Ctrl-A.
You swing at nothing.
Something hits you.
There is a strange disturbance nearby!
There is a strange disturbance nearby!
You miss something. Something hits you but does no damage. Something hits you.
Items here: )))) [[ †††.
Something hits you. Something hits you! Something hits you but does no damage.
Something barely misses you. Something hits you. Something hits you.
Something hits you. Something hits you!
* * * LOW HITPOINT WARNING * * *
Something hits you.
* * * LOW HITPOINT WARNING * * *
Something hits you.
You die...

#.# # ...# #.#
#. .#.## #.# .
.#..### #.# ##.
......# #.# #.#
..... #.# #.#
...
#.########.###.#
#>......).@...#
#.##########...#
#.# #..##
#.######## #..#
#######.........
....
#.............#
##....
..#####<#####...
...... #.#
#...### #.#


There were no monsters in sight!

Vanquished Creatures
  A water moccasin (D:5)
  A necrophage (D:6)
  2 kobold brigands
  A scorpion (D:5)
  The ghost of senseless the Insei, a weakling GnTm (D:3)
  2 centaur skeletons (D:6)
  3 hounds
  A jelly (D:5)
  A bullfrog skeleton (D:5)
  Jessica (D:2)
  2 iguanas (D:5)
  2 orc wizards
  8 adders
  An ufetubus (D:5)
  An adder skeleton (D:4)
  2 worms
  4 dart slugs
  16 orcs
  A ball python (D:1)
  3 bats
  8 endoplasms
  3 giant cockroaches
  2 goblins
  2 hobgoblins (D:1)
  7 jackals
  5 quokkas
  5 frilled lizards
  8 kobolds
  2 rats (D:1)
96 creatures vanquished.

Notes
Turn   | Place    | Note
-------+----------+-------------------------------------------
     0 | D:1      | HoaS the Demigod Gladiator began the quest for the Orb.
     0 | D:1      | Reached XP level 1. HP: 17/17 MP: 3/3
   166 | D:1      | Reached skill level 3 in Unarmed Combat
   492 | D:1      | Found Kitovem's Book Shop.
   559 | D:1      | Reached XP level 2. HP: 22/24 MP: 4/4
  1716 | D:2      | Reached XP level 3. HP: 29/29 MP: 5/5
  1763 | D:2      | Noticed Jessica
  1768 | D:2      | Killed Jessica
  1769 | D:2      | Reached skill level 4 in Unarmed Combat
  2018 | D:2      | Reached XP level 4. HP: 29/36 MP: 6/6
  2993 | D:3      | Reached skill level 5 in Unarmed Combat
  3356 | D:3      | Found a runed translucent door.
  3356 | D:3      | Noticed senseless's ghost (weakling GnTm)
  3804 | D:3      | Noticed a kobold brigand
  3825 | D:3      | Killed a kobold brigand
  3826 | D:3      | Reached XP level 5. HP: 10/41 MP: 7/7
  4212 | D:3      | Killed senseless's ghost
  4213 | D:3      | Reached skill level 6 in Unarmed Combat
  4896 | D:4      | Found a staircase to the Ecumenical Temple.
  4926 | Temple   | Entered the Ecumenical Temple
  5502 | D:4      | Reached XP level 6. HP: 39/48 MP: 8/8
  5686 | D:5      | Entered Level 5 of the Dungeon
  5941 | D:5      | Reached skill level 7 in Unarmed Combat
  6133 | D:5      | Noticed a water moccasin
  6147 | D:5      | Killed a water moccasin
  6466 | D:5      | Reached XP level 7. HP: 53/53 MP: 9/9
  6632 | D:5      | Reached skill level 8 in Unarmed Combat
  7637 | D:6      | Slain by an unseen horror

Illustrated notes

Levels and vault maps discovered:
D:1:      lemuel_arrival_rhombus, layout_loops_corners, serial_shops, shop
D:2:      layout_loops_ring, basic_altar, uniq_jessica
D:3:      layout_basic, pf_just_have_faith, hellmonk_ghost_happy_afterlife,
          shapermc_ecumenical_altar_starsandcircs
D:4:      layout_basic, minmay_temple_entry_grid
D:5:      layout_gridville, chequers_garden
D:6:      lemuel_castle_with_subvaults [lemuel_castle_interior_carwin_3],
          layout_loops_ring, serial_shops, nicolae_shop_behind_doors,
          minivault_11, uniq_crazy_yiuf_cottage, uniq_eustachio
Temple:   hc_temple_tempest_star

Skill      XL: |  1  2  3  4  5  6  7 |
---------------+----------------------+-----
Unarmed Combat | 3 4 5 6 7 8 |  8.8
Fighting       | |  1.7
Throwing       | |  1.7
Dodging        | |  2.6

Action                   |  1- 3 |  4- 6 |  7- 9 || total
-------------------------+-------+-------+-------++-------
Melee: Unarmed           |   144 |   233 |    87 ||   464
       Punch             |     1 |     7 |     4 ||    12
  Use: Scroll            |       |    10 |     4 ||    14
Armor: Leather armour    |    25 |     8 |       ||    33
       Ring mail         |       |    48 |    35 ||    83
Dodge: Dodged            |    86 |   128 |    45 ||   259

Table legend: (Time is in decaauts)
 A = Elapsed time spent in this place.
 B = Non-inter-level travel time spent in this place.
 C = Inter-level travel time spent in this place.
 D = Time resting spent in this place.
 E = Time spent auto-exploring this place.
 F = Levels seen in this place.
 G = Mean time per level.
                   A        B        C        D        E       F      G
               +--------+--------+--------+--------+--------+-----+--------+
         Total |   7588 |   7244 |    344 |   3458 |   2925 |   7 | 1084.0 |
       Dungeon |   7255 |   6942 |    313 |   3458 |   2624 |   6 | 1209.2 |
        Temple |    332 |    301 |     31 |      0 |    301 |   1 |  332.0 |
               +--------+--------+--------+--------+--------+-----+--------+

Top non-repeatable levels by time:
     D:5: 1815 daAuts
     D:3: 1559 daAuts
     D:1: 1399 daAuts
     D:2: 1390 daAuts
     D:4: 1006 daAuts
  Temple: 332 daAuts
     D:6: 84 daAuts
